 Dungeon Crawl Stone Soup version 0.31-a0-1626-g5cb510d322 (webtiles) character file.

Game seed: 16561360392306144641

67 boiyoioing the Slasher (level 4, 0/41 HPs)
             Began as a Gnoll Cinder Acolyte on Jan 12, 2024.
             Was a High Priest of Ignis.
             Succumbed to an adder's poison
             ... on level 2 of the Dungeon.
             The game lasted 00:05:02 (890 turns).

boiyoioing the Slasher (Gnoll Cinder Acolyte)        Turns: 890, Time: 00:05:02

Health: 0/41       AC:  2    Str: 15    XL:     4   Next: 16%
Magic:  5/8        EV: 11    Int: 13    God:    Ignis [*****.]
Gold:   49         SH:  0    Dex:  8    Spells: 7/9 levels left

rFire   + . .        c - +0 quarterstaff
rCold   . . .        (shield currently unavailable)
rNeg    . . .        b - +0 robe
rPois   .            (no helmet)
rElec   .            (no cloak)
rCorr   .            (no gloves)
SInv    .            (no boots)
Will    .....        (no amulet)
Stlth   +            (no ring)
HPRegen 0.26/turn    (no ring)
MPRegen 0.11/turn

%: no passive effects
@: lethally poisoned (0 -> -1)
A: fangs 1, strong nose, distributed training
a: Renounce Religion, Fiery Armour, Foxfire Swarm, Rising Flame


You were on level 2 of the Dungeon.
You worshipped Ignis.
Ignis was extremely pleased with you.
You visited 1 branch of the dungeon, and saw 2 of its levels.

You collected 49 gold pieces.

Inventory:

Hand Weapons
 a - a -1 falchion of flaming
 c - a +0 quarterstaff (weapon)
Armour
 b - a +0 robe (worn)
Scrolls
 e - a scroll of blinking {unknown}
 f - a scroll of identify {unknown}
Potions
 d - a potion of ambrosia {unknown}
 g - a potion of curing {unknown}
 h - a potion of brilliance {unknown}


   Skills:
 + Level 6.6 Fighting
 + Level 1.1 Short Blades
 + Level 6.6 Long Blades
 + Level 1.1 Axes
 + Level 1.1 Maces & Flails
 + Level 1.1 Polearms
 + Level 1.1 Staves
 + Level 1.1 Ranged Weapons
 + Level 1.1 Throwing
 + Level 1.1 Armour
 + Level 1.1 Dodging
 + Level 1.1 Stealth
 + Level 1.1 Shields
 + Level 1.1 Unarmed Combat
 + Level 3.0 Spellcasting
 + Level 0.8 Conjurations
 + Level 0.8 Hexes
 + Level 0.8 Summonings
 + Level 0.8 Necromancy
 + Level 0.8 Translocations
 + Level 5.4 Fire Magic
 + Level 0.8 Ice Magic
 + Level 0.8 Air Magic
 + Level 0.8 Earth Magic
 + Level 0.8 Alchemy
 + Level 1.2 Invocations
 + Level 1.1 Evocations
 + Level 1.0 Shapeshifting


You had 7 spell levels left.
You knew the following spells:

 Your Spells              Type           Power      Damage    Failure   Level
a - Scorch                Fire           32%        2d6       3%          2

Your spell library contained the following spells:

 Spells                   Type           Power      Damage    Failure   Level


Dungeon Overview and Level Annotations

Branches:
Dungeon (2/15)

Altars:
Kikubaaqudgha

Shops:
D:1 *


Innate Abilities, Weirdness & Mutations

You have very sharp teeth.
Your uncanny sense of smell can sniff out nearby items.
Your experience applies equally to all skills.


Message History

The adder is almost dead.
The adder's fire resistance burns away.
You feel sick. The adder bites you. The adder closely misses you.
You closely miss the adder.
The adder is almost dead.
You feel sick. The adder bites you.
* * * LOW HITPOINT WARNING * * *
You are more poisoned.
The adder poisons you!
You closely miss the adder.
The adder is almost dead.
* * * LOW HITPOINT WARNING * * *
You feel very sick. The adder bites you but does no damage.
The adder barely misses you.
You hit the adder.
The adder is almost dead.
* * * LOW HITPOINT WARNING * * *
You feel sick. The adder misses you. The adder bites you.
* * * LOW HITPOINT WARNING * * *
You hit the adder.
You kill the adder!
* * * LOW HITPOINT WARNING * * *
You feel sick.
Your Spellcasting skill increases to level 3!
Casting: Scorch (safe; 3% risk of failure)
Press: ? - help, Q - select action Dir - look around, f - activate Nothing appears to happen.
* * * LOW HITPOINT WARNING * * *
You feel sick.
Unknown command.
There is a lethal amount of poison in your body!
There is a lethal amount of poison in your body!
* * * LOW HITPOINT WARNING * * *
You feel sick.
You see here an adder corpse.
* * * LOW HITPOINT WARNING * * *
You feel sick.
* * * LOW HITPOINT WARNING * * *
You feel sick.
You die...

... .....#
.....######## #
#.#.........#
##.####.#.........#
........#.........#
........#.........#
####.#.........#
#...)†..@..._..#
#..[............
#...............
#....)..........
#.....##'######.
#.....##.#
#.....##.#
########.#
#######.#


There were no monsters in sight!

Vanquished Creatures
  A gnoll (D:1)
  An adder (D:2)
  A dart slug (D:1)
  3 ball pythons
  5 bats (D:1)
  4 endoplasms
  3 giant cockroaches (D:1)
  9 goblins
  5 hobgoblins (D:1)
  A quokka (D:1)
  A frilled lizard (D:1)
  4 kobolds (D:1)
  4 rats (D:1)
42 creatures vanquished.

Notes
Turn   | Place    | Note
-------+----------+-------------------------------------------
     0 | D:1      | boiyoioing the Gnoll Cinder Acolyte began the quest for the
                  | Orb.
     0 | D:1      | Reached XP level 1. HP: 23/23 MP: 4/4
    48 | D:1      | Reached XP level 2. HP: 28/29 MP: 5/5
   113 | D:1      | Learned a level 2 spell: Scorch
   114 | D:1      | Found Segharid's Assorted Antiques.
   185 | D:1      | Reached XP level 3. HP: 10/35 MP: 0/7
   441 | D:1      | Reached skill level 1 in Invocations
   533 | D:1      | Reached skill level 1 in Short Blades
   533 | D:1      | Reached skill level 1 in Axes
   533 | D:1      | Reached skill level 1 in Maces & Flails
   533 | D:1      | Reached skill level 1 in Polearms
   533 | D:1      | Reached skill level 1 in Staves
   533 | D:1      | Reached skill level 1 in Ranged Weapons
   533 | D:1      | Reached skill level 1 in Throwing
   533 | D:1      | Reached skill level 1 in Armour
   533 | D:1      | Reached skill level 1 in Dodging
   533 | D:1      | Reached skill level 1 in Stealth
   533 | D:1      | Reached skill level 1 in Shields
   533 | D:1      | Reached skill level 1 in Unarmed Combat
   533 | D:1      | Reached skill level 1 in Evocations
   859 | D:2      | Found an ancient bone altar of Kikubaaqudgha.
   876 | D:2      | Reached skill level 1 in Shapeshifting
   876 | D:2      | Reached XP level 4. HP: 32/41 MP: 8/8
   887 | D:2      | HP: 2/41 [poisoned by an adder]
   890 | D:2      | Succumbed to an adder's poison

Illustrated notes

Levels and vault maps discovered:
D:1:      dpeg_arrival_subterranean_lakeside_camping, layout_basic,
          serial_shops, nicolae_shop_hallway_stairs, solitary_fountain,
          wander_ebering_terrifying_dragon_lair
D:2:      layout_basic, basic_altar, minmay_misc_feat_iff

Skill      XL: |  1  2  3  4 |
---------------+-------------+-----
Invocations    | 1 |  1.2
Short Blades   | 1 |  1.1
Axes           | 1 |  1.1
Maces & Flails | 1 |  1.1
Polearms       | 1 |  1.1
Staves         | 1 |  1.1
Ranged Weapons | 1 |  1.1
Throwing       | 1 |  1.1
Armour         | 1 |  1.1
Dodging        | 1 |  1.1
Stealth        | 1 |  1.1
Shields        | 1 |  1.1
Unarmed Combat | 1 |  1.1
Evocations     | 1 |  1.1
Shapeshifting  | 1 |  1.0
Spellcasting   | 3 |  3.0
Fighting       | |  6.6
Long Blades    | |  6.6
Conjurations   | |  0.8
Hexes          | |  0.8
Summonings     | |  0.8
Necromancy     | |  0.8
Translocations | |  0.8
Fire Magic     | |  5.4
Ice Magic      | |  0.8
Air Magic      | |  0.8
Earth Magic    | |  0.8
Alchemy        | |  0.8

Action                     |  1- 3 |  4- 6 || total
---------------------------+-------+-------++-------
  Melee: Falchion          |    14 |       ||    14
         Bite              |     8 |       ||     8
         Quarterstaff      |    72 |     7 ||    79
   Cast: Scorch            |    13 |     2 ||    15
 Armour: Robe              |    77 |     9 ||    86
  Dodge: Dodged            |    74 |     9 ||    83

Table legend: (Time is in decaauts)
 A = Elapsed time spent in this place.
 B = Non-inter-level travel time spent in this place.
 C = Inter-level travel time spent in this place.
 D = Time resting spent in this place.
 E = Time spent auto-exploring this place.
 F = Levels seen in this place.
 G = Mean time per level.
                   A        B        C        D        E       F      G
               +--------+--------+--------+--------+--------+-----+--------+
         Total |    913 |    301 |    612 |     47 |      0 |   2 |  456.5 |
       Dungeon |    913 |    301 |    612 |     47 |      0 |   2 |  456.5 |
               +--------+--------+--------+--------+--------+-----+--------+

Top non-repeatable levels by time:
     D:1: 853 daAuts
     D:2: 60 daAuts
